 Dungeon Crawl Stone Soup version 0.22-a0-240-g539252a (webtiles) character file.

6845 mortelune the Destroyer (level 10, -1/69 HPs)
             Began as a Black Draconian Fire Elementalist on Feb 21, 2018.
             Was an Elder of Vehumet.
             Slain by a porcupine (9 damage)
             ... on level 1 of the Lair of Beasts.
             The game lasted 00:35:56 (14510 turns).

mortelune the Destroyer (DrFE)                     Turns: 14510, Time: 00:35:57

Health: -1/69      AC:  7    Str: 10    XL:     10   Next: 78%
Magic:  15/30      EV: 11    Int: 18    God:    Vehumet [****..]
Gold:   86         SH:  0    Dex: 13    Spells: 5/24 levels left

rFire    + . .     SeeInvis .   o - +2 flail (crush)
rCold    x . .     Gourm    .   (no shield)
rNeg     . . .     Faith    .   (armour unavailable)
rPois    .         Spirit   .   (helmet restricted)
rElec    +         Reflect  .   (no cloak)
rCorr    .         Harm     .   (no gloves)
MR       .....                  (no boots)
Stlth    +.........             (no amulet)
HPRegen  0.21/turn              t - ring of magical power
MPRegen  0.22/turn              x - ring of fire

@: drained
A: breathe lightning, unfitting armour, electricity resistance, cold-blooded, AC
+7
a: Breathe Lightning, Renounce Religion


You were on level 1 of the Lair of Beasts.
You worshipped Vehumet.
Vehumet was greatly pleased with you.
You were not hungry.

You visited 2 branches of the dungeon, and saw 11 of its levels.

You collected 463 gold pieces.
You spent 377 gold pieces at shops.

Inventory:

Hand Weapons
 b - a +1 vampiric whip
 d - a +0 club
 m - a +4 club
 o - a +2 flail of crushing (weapon)
Missiles
 u - 2 throwing nets (quivered)
Magical Staves
 M - an uncursed staff of air
Jewellery
 f - an uncursed ring of protection from fire
 h - a +3 ring of intelligence
 t - a ring of magical power (left hand)
 x - a ring of fire (right hand)
 I - a +3 ring of protection
Wands
 r - a wand of acid (3)
 y - a wand of random effects (46)
 z - a wand of scattershot (6)
 C - a wand of clouds (3)
 H - a wand of disintegration (14)
 K - a wand of paralysis (11)
Scrolls
 c - 3 scrolls of amnesia
 g - 7 scrolls of remove curse
 j - 3 scrolls of noise
 l - a scroll of random uselessness {unknown}
 n - 4 scrolls of teleportation
 q - 3 scrolls of fear
 v - a scroll of summoning
 A - a scroll of enchant armour {unknown}
 E - 2 scrolls of magic mapping
 J - 2 scrolls of blinking {unknown}
 L - a scroll of silence {unknown}
Potions
 e - 4 potions of curing
 i - 2 potions of agility
 k - a potion of brilliance
 p - a potion of might
 s - 2 potions of haste
 w - 2 potions of flight
 B - 2 potions of lignification
 D - a potion of berserk rage
 F - a potion of heal wounds
 G - a potion of cancellation
Comestibles
 a - 24 rations


   Skills:
 - Level 1.7(0.7) Dodging
 - Level 1.7(0.7) Stealth
 + Level 7.9(6.6) Spellcasting
 + Level 9.9(8.6) Conjurations
 + Level 9.9(8.6) Fire Magic
 - Level 4.3(3.2) Poison Magic


You had 5 spell levels left.
You knew the following spells:

 Your Spells              Type           Power        Failure   Level  Hunger
a - Flame Tongue          Conj/Fire      #####        1%          1    None
b - Throw Flame           Conj/Fire      ######       1%          2    None
c - Conjure Flame         Conj/Fire      ######..     1%          3    ##.....
d - Sticky Flame          Conj/Fire      ######..     1%          4    ####...
e - Fireball              Conj/Fire      ######....   2%          5    #####..
q - Olgreb's Toxic Radia  Pois           ###.....     9%          4    ####...


Dungeon Overview and Level Annotations

Branches:
Dungeon (10/15)            Temple (0/1) D:6            Lair (1/6) D:8
    Orc: D:9-12

Altars:
Ashenzari
Cheibriados
Fedhas
Kikubaaqudgha
Nemelex Xobeh
Sif Muna
Trog
Vehumet

Shops:
D:5 ?   D:7 ?(!   D:8 ?

Annotations:
D:4 mortelune's ghost, amateur DsIE
D:8 Gastronok
D:10 Josephine


Innate Abilities, Weirdness & Mutations

You can breathe wild blasts of lightning.
Your glossy black scales are hard. (AC +7)
You cannot fit into any form of body armour.
You are resistant to electric shocks. (rElec)
You are cold-blooded and may be slowed by cold attacks.


Message History

* * * LOW HITPOINT WARNING * * *
The spiny frog stings you.
* * * LOW HITPOINT WARNING * * *
Casting: Flame Tongue (safe; 1% risk of failure)
Confirm with . or Enter, or press ? or * to list all spells.
Aiming: Flame Tongue (safe; 1% risk of failure)
Press: ? - help, Shift-Dir - straight line, f/p - spiny frog
Aim: a spiny frog (severely wounded, covered in liquid flames)
You feel a surge of power!
The flame tongue hits the spiny frog.
The spiny frog is almost dead.
Your toxic aura wanes.
* * * LOW HITPOINT WARNING * * *
You feel sick.
The spiny frog burns!
You kill the spiny frog!
Vehumet accepts your kill.
A porcupine comes into view.
You feel better. The porcupine bites you!
* * * LOW HITPOINT WARNING * * *
The porcupine bites you!
You die...

# ### ## # .# #
#.# .. .## .#.
... #. ##.....
#.#
#.#..#.##.$.
#.# #...r......
##.### ##@#
#P<..#######.##
#.............#
#######.#####.#
### .# .# .. .#
.#


You could see a porcupine.

Vanquished Creatures
  A hydra (D:9)
  A two-headed ogre (D:9)
  A spiny frog (Lair:1)
  Grinder (D:5)
  A hippogriff (D:9)
  2 dream sheep (D:9)
  5 yaks (D:9)
  4 wraiths (D:10)
  A hungry ghost (D:7)
  Duvessa (D:5)
  2 phantoms
  An ice beast (D:10)
  A black bear (D:8)
  3 ogres
  2 centaurs (D:7)
  4 big kobolds
  2 bullfrogs (D:7)
  Dowan (D:5)
  2 scorpions
  6 killer bees (D:10)
  4 jellies
  3 wights (D:10)
  A howler monkey (D:4)
  3 crimson imps
  2 bullfrog zombies
  A hound (D:5)
  A gnoll shaman (D:6)
  3 orc priests
  9 orc wizards
  Jessica (D:3)
  2 iguanas
  A worker ant (D:4)
  A killer bee zombie (D:7)
  2 hound skeletons
  A worker ant zombie (D:9)
  10 gnolls
  11 adders
  2 shadow imps
  An ooze (D:4)
  2 adder zombies
  2 worms (D:2)
  2 dart slugs
  3 leopard geckos
  40 orcs
  5 bats
  5 giant cockroaches
  11 goblins
  18 hobgoblins
  12 jackals
  2 quokkas
  2 ball pythons
  4 frilled lizards
  14 kobolds
  6 rats
229 creatures vanquished.

Notes
Turn   | Place    | Note
-------+----------+-------------------------------------------
     0 | D:1      | mortelune the Draconian Fire Elementalist began the quest for the Orb.
     0 | D:1      | Reached XP level 1. HP: 14/14 MP: 3/3
   173 | D:1      | Reached XP level 2. HP: 15/20 MP: 1/5
   250 | D:1      | Learned a level 2 spell: Throw Flame
  1306 | D:2      | Reached XP level 3. HP: 25/26 MP: 1/6
  1832 | D:2      | Learned a level 3 spell: Conjure Flame
  2251 | D:2      | Reached XP level 4. HP: 33/33 MP: 5/7
  2614 | D:2      | Found a blossoming altar of Fedhas.
  2683 | D:2      | Found a radiant altar of Vehumet.
  2693 | D:2      | Became a worshipper of Vehumet
  3505 | D:3      | Noticed Jessica
  3517 | D:3      | Killed Jessica
  4186 | D:3      | Noticed a hungry ghost
  4591 | D:4      | Reached XP level 5. HP: 38/38 MP: 3/9
  4597 | D:4      | Learned a level 4 spell: Sticky Flame
  5002 | D:4      | Noticed mortelune's ghost (amateur DsIE)
  5306 | D:4      | Reached * piety under Vehumet
  5306 | D:4      | Offered knowledge of Freeze by Vehumet.
  5532 | D:4      | Reached XP level 6. HP: 41/45 MP: 7/11
  5992 | D:4      | Found a sparkling altar of Nemelex Xobeh.
  6124 | D:5      | Entered Level 5 of the Dungeon
  6165 | D:5      | Found Zouw's Magic Scroll Shoppe.
  6173 | D:5      | Bought a scroll of identify for 24 gold pieces
  6173 | D:5      | Bought a scroll of summoning for 114 gold pieces
  6223 | D:5      | Noticed Grinder
  6240 | D:5      | Killed Grinder
  6240 | D:5      | Reached skill level 5 in Conjurations
  6240 | D:5      | Your scales start taking on a glossy black colour.
  6240 | D:5      | Reached XP level 7. HP: 50/50 MP: 3/13
  6240 | D:5      | Gained mutation: You are resistant to electric shocks. (rElec) [Black Draconian growth]
  6844 | D:5      | Noticed Dowan
  6845 | D:5      | Noticed Duvessa
  6850 | D:5      | Killed Dowan
  6853 | D:5      | Killed Duvessa
  6853 | D:5      | Reached skill level 5 in Fire Magic
  6993 | D:5      | Offered knowledge of Sting by Vehumet.
  6994 | D:5      | Reached ** piety under Vehumet
  7208 | D:5      | Found a shattered altar of Ashenzari.
  7361 | D:5      | Learned a level 5 spell: Fireball
  7475 | D:5      | Reached XP level 8. HP: 57/57 MP: 10/14
  8497 | D:6      | Found a bloodstained altar of Trog.
  8560 | D:6      | Offered knowledge of Searing Ray by Vehumet.
  8742 | D:6      | Found a staircase to the Ecumenical Temple.
  9090 | D:6      | Reached skill level 5 in Spellcasting
  9191 | D:6      | Found an ancient bone altar of Kikubaaqudgha.
  9653 | D:7      | Found Ymnuats's Weapon Shop.
 10240 | D:7      | Found Wasej's Distillery.
 10243 | D:7      | Bought a potion of heal wounds for 70 gold pieces
 10243 | D:7      | Bought a potion of cancellation for 112 gold pieces
 10397 | D:7      | Reached *** piety under Vehumet
 10769 | D:7      | Found Ymoqun Mil's Magic Scroll Shop.
 10778 | D:7      | Bought a scroll of magic mapping for 42 gold pieces
 10829 | D:7      | Reached XP level 9. HP: 57/62 MP: 7/17
 11210 | D:7      | Found a snail-covered altar of Cheibriados.
 11839 | D:8      | Offered knowledge of Olgreb's Toxic Radiance by Vehumet.
 11845 | D:8      | Learned a level 4 spell: Olgreb's Toxic Radiance
 11927 | D:8      | Found a staircase to the Lair.
 12106 | D:8      | Found Der Vud's Magic Scroll Shop.
 12109 | D:8      | Bought a scroll of noise for 15 gold pieces
 12196 | D:8      | Noticed Gastronok
 12293 | D:9      | Reached skill level 1 in Poison Magic
 12608 | D:9      | Noticed a two-headed ogre
 12616 | D:9      | Killed a two-headed ogre
 12852 | D:9      | Found a deep blue altar of Sif Muna.
 13157 | D:9      | Reached XP level 10. HP: 69/69 MP: 20/20
 13400 | D:9      | Noticed a two-headed hydra
 13407 | D:9      | Killed a two-headed hydra
 13704 | D:10     | Entered Level 10 of the Dungeon
 13723 | D:10     | Reached **** piety under Vehumet
 14090 | D:10     | Offered knowledge of Iskenderun's Battlesphere by Vehumet.
 14165 | D:10     | Noticed Josephine
 14490 | Lair:1   | Entered Level 1 of the Lair of Beasts
 14501 | Lair:1   | Noticed a spiny frog
 14509 | Lair:1   | Killed a spiny frog
 14510 | Lair:1   | Slain by a porcupine

Vault maps used:
D:1:      dpeg_arrival_shelter
D:2:      amethyst_overflow_temple_binary
D:3:      minmay_misc_feat_columns, uniq_jessica
D:4:      first_ration, nemelex_dance_club_becter
D:5:      corexii_shantytown, lemuel_doored_altar, serial_co_window_serial,
          co_window_paths_b, co_window_paths_a, co_window_of_opportunity_a,
          co_window_of_opportunity_a, co_window_paths_b,
          co_window_of_opportunity_b, co_window_corner_b, co_window_corner_b,
          co_window_of_opportunity_c, glass_columns_c, glass_columns_a,
          glass_columns_b, glass_columns_c, glass_columns_c, serial_shops, shop,
          nicolae_underground_beach, uniq_grinder, uniq_duvessa
D:6:      overflow_temple_1_default, old_standard_altar,
          minmay_temple_entry_mist
D:7:      cheibriados_altar_1, serial_shops, nicolae_shop_crystal,
          kennysheep_mini, nicolae_shop_statue_plus
D:8:      dpeg_oklobed_lair, serial_shops, nicolae_shop_behind_doors,
          uniq_gastronok
D:9:      basic_altar, hangedman_ranch
D:10:     minmay_misc_feat_tower, uniq_josephine
Lair:1:   uniq_sonja

Skill      XL: |  1  2  3  4  5  6  7  8  9 10 |
---------------+-------------------------------+-----
Conjurations   | 2 3 4 5 6 8 9 |  9.9
Spellcasting   | 3 4 5 6 7 |  7.9
Fire Magic     | 4 5 6 8 9 |  9.9
Poison Magic   | 3 4 |  4.3
Dodging        | |  1.7
Stealth        | |  1.7

Action                   |  1- 3 |  4- 6 |  7- 9 | 10-12 || total
-------------------------+-------+-------+-------+-------++-------
Melee: Unarmed           |     3 |       |       |       ||     3
       Club              |     2 |    17 |       |       ||    19
       Flail             |       |       |    33 |       ||    33
       Tailslap          |       |       |     1 |       ||     1
 Cast: Flame Tongue      |    46 |    66 |   202 |    33 ||   347
       Throw Flame       |     5 |    43 |    70 |     9 ||   127
       Conjure Flame     |       |     1 |     5 |     3 ||     9
       Sticky Flame      |       |       |    25 |     5 ||    30
       Fireball          |       |       |    13 |    16 ||    29
       Olgreb's Toxic Ra |       |       |       |     2 ||     2
  Use: Scroll            |       |     6 |     4 |     2 ||    12
       Potion            |       |       |     1 |     1 ||     2
  Eat: Chunk             |     5 |    14 |    22 |     4 ||    45
       Ration            |       |       |     2 |     2 ||     4
Armor: Skin              |     8 |    24 |    57 |     7 ||    96
Dodge: Dodged            |    19 |    28 |    91 |     6 ||   144

Table legend:
 A = Spawn XP
 B = Non-spawn XP
 C = Spawn XP percentage of total XP
 D = Spawn monster count
 E = Non-spawn monster count
 F = Spawn count percentage of total count
 G = Total turns spent on level
                    A         B        C        D         E        F      G
               +---------+---------+-------+---------+---------+-------+---------
         Total |       0 |    9779 |   0.0 |       0 |     229 |   0.0 | 14510
               +---------+---------+-------+---------+---------+-------+---------
           D:1 |       0 |      30 |   0.0 |       0 |      16 |   0.0 |  1271
           D:2 |       0 |     102 |   0.0 |       0 |      22 |   0.0 |  2004
           D:3 |       0 |      61 |   0.0 |       0 |      15 |   0.0 |  1504
           D:4 |       0 |     341 |   0.0 |       0 |      15 |   0.0 |  1492
           D:5 |       0 |     988 |   0.0 |       0 |      57 |   0.0 |  2130
           D:6 |       0 |     370 |   0.0 |       0 |      16 |   0.0 |  1430
           D:7 |       0 |    1103 |   0.0 |       0 |      24 |   0.0 |  1814
           D:8 |       0 |     290 |   0.0 |       0 |      13 |   0.0 |   608
           D:9 |       0 |    4363 |   0.0 |       0 |      27 |   0.0 |  1687
          D:10 |       0 |    1706 |   0.0 |       0 |      23 |   0.0 |   550
        Lair:1 |       0 |     425 |   0.0 |       0 |       1 |   0.0 |    20
               +---------+---------+-------+---------+---------+-------+---------
